 Dungeon Crawl Stone Soup version 0.22-a0-422-g9628fc8 (webtiles) character file.

1816 KarmaPolice the Skirmisher (level 9, 0/73 HPs)
             Began as a Barachi Fighter on Apr 8, 2018.
             Was a Follower of Qazlal.
             Slain by Duvessa
             ... wielding a +2 short sword of electrocution
              (20 damage)
             ... on level 6 of the Dungeon on May 18, 2018.
             The game lasted 00:29:04 (7243 turns).

KarmaPolice the Skirmisher (Barachi Fighter)        Turns: 7243, Time: 00:29:06

Health: 0/73       AC:  9    Str: 20    XL:     9   Next: 10%
Magic:  12/12      EV:  7    Int:  8    God:    Qazlal [*.....]
Gold:   320        SH: 14    Dex: 13    Spells: 8/8 levels left

rFire    . . .     SeeInvis .   s - +2 dagger (venom)
rCold    . . .     Gourm    .   c - +0 shield
rNeg     . . .     Faith    .   b - +0 scale mail
rPois    .         Spirit   .   (no helmet)
rElec    .         Reflect  +   t - +1 cloak
rCorr    .         Harm     .   (no gloves)
MR       .....                  (no boots)
Stlth    ..........             i - +3 amulet of reflection
HPRegen  0.22/turn              (no ring)
MPRegen  0.13/turn              (no ring)

@: slow
A: +LOS, swims, slowness 1, strong legs 1
a: Hop, Renounce Religion


You were on level 6 of the Dungeon.
You worshipped Qazlal.
Qazlal was aware of your devotion.
You were not hungry.

You visited 1 branch of the dungeon, and saw 6 of its levels.

You collected 320 gold pieces.

Inventory:

Hand Weapons
 a - a +0 war axe
 s - a +2 dagger of venom (weapon)
 C - a +1 spear of venom
 F - a +2 falchion of holy wrath
Missiles
 o - 155 stones (quivered)
Armour
 b - a +0 scale mail (worn)
 c - a +0 shield (worn)
 t - a +1 cloak (worn)
 v - a cursed +0 leather armour
Jewellery
 i - a +3 amulet of reflection (around neck)
 l - an uncursed ring of fire
 A - a cursed ring of teleportation {unknown}
 H - a cursed -3 ring of dexterity {unknown}
Wands
 w - a wand of paralysis (10)
 E - a wand of polymorph (20)
Scrolls
 h - a scroll of amnesia
 k - 2 scrolls of magic mapping
 m - a scroll of fog {unknown}
 n - a scroll of identify
 p - a scroll of enchant weapon {unknown}
 r - a scroll of teleportation {unknown}
 u - 2 scrolls of enchant armour
 y - a scroll of immolation {unknown}
 z - a scroll of remove curse {unknown}
Potions
 d - a potion of might
 e - a potion of invisibility {unknown}
 g - a potion of resistance {unknown}
 j - 2 potions of agility
 q - 2 potions of flight {unknown}
 x - a potion of heal wounds
 B - a potion of degeneration {unknown}
 D - a potion of haste {unknown}
Comestibles
 f - 7 rations
 G - a chunk of flesh


   Skills:
 + Level 7.7 Fighting
 + Level 6.6 Axes
 - Level 4.6 Armour
 - Level 4.3 Shields
 + Level 4.5 Invocations
 + Level 5.3 Evocations


You had 8 spell levels left.
You didn't know any spells.
Your spell library was empty.

Dungeon Overview and Level Annotations

Branches:
Dungeon (6/15)             Temple (0/1) D:4

Altars:
Hepliaklqana
Qazlal
Ru

Annotations:
D:6 Duvessa


Innate Abilities, Weirdness & Mutations

Shadows flee at your approach. (+LOS)
You can swim through water.
You cover ground slowly.
You can hop short distances.


Message History

You hit Duvessa.
Duvessa is poisoned.
Duvessa is lightly wounded.
Duvessa barely misses you.
Duvessa hits you with a short sword of electrocution!
You are electrocuted!
You completely miss Duvessa.
Duvessa is lightly wounded.
Duvessa hits you with a short sword of electrocution.
You are electrocuted!
Duvessa is struck by lightning.
Duvessa barely misses you.
Okay, then.
You block Duvessa's attack.
Duvessa hits you with a short sword of electrocution!
You barely miss Duvessa.
Duvessa is heavily wounded.
Duvessa hits you but does no damage.
Duvessa hits you with a short sword of electrocution!
* * * LOW HITPOINT WARNING * * *
You are electrocuted!
You die...

...# .# #....## ...# #.#
#.5...# ...# ##.# #.....#
#..# #..## #...... #..#
#...# #..e§.. #..# ##...#
#...<.. ...# ####....##
#...e.. ...#
###........### #)....)
...## ##.....@e.....##
#....## ....##
###..####.§......##....##
.....###..###
##.............#
>.......###
##...........## ..#######
#..###.....## ..# ##.#
##...## ### ### ##.## ##


You could see Duvessa (berserk).

Vanquished Creatures
  Eustachio (D:5)
  A hungry ghost (D:5)
  A water moccasin (D:6)
  An ice beast (D:5)
  A sky beast (D:5)
  An ogre (D:6)
  2 bullfrogs (D:5)
  Dowan (D:6)
  2 scorpions (D:4)
  A bullfrog zombie (D:5)
  3 crimson imps
  A gnoll shaman (D:4)
  A hound (D:4)
  A centaur skeleton (D:4)
  3 orc priests (D:6)
  2 jellies
  Crazy Yiuf (D:2)
  An iguana (D:5)
  3 orc wizards
  3 worker ants
  A hound zombie (D:6)
  A hound skeleton (D:5)
  A worker ant zombie (D:5)
  3 gnolls (D:4)
  5 adders
  A shadow imp (D:5)
  2 oozes
  2 worms
  2 dart slugs (D:1)
  6 leopard geckos
  15 orcs
  5 ball pythons
  2 giant cockroaches
  11 hobgoblins
  8 jackals
  A quokka (D:3)
  9 bats
  4 frilled lizards
  9 goblins
  A jackal zombie (D:4)
  7 kobolds
  A leopard gecko zombie (D:5)
  3 quokka skeletons
  9 rats
140 creatures vanquished.

Vanquished Creatures (others)
  A centaur (D:6)
1 creature vanquished.

Grand Total: 141 creatures vanquished

Notes
Turn   | Place    | Note
-------+----------+-------------------------------------------
     0 | D:1      | KarmaPolice the Barachi Fighter began the quest for the Orb.
     0 | D:1      | Reached XP level 1. HP: 18/18 MP: 1/1
    46 | D:1      | Reached XP level 2. HP: 18/25 MP: 2/2
   313 | D:1      | Upgraded the game from 0.22-a0-348-gd16d139 to 0.22-a0-407-gb098539
   345 | D:1      | Reached skill level 4 in Fighting
   345 | D:1      | Reached XP level 3. HP: 30/30 MP: 3/3
   408 | D:1      | Upgraded the game from 0.22-a0-407-gb098539 to 0.22-a0-410-g97be04f
   426 | D:1      | Upgraded the game from 0.22-a0-410-g97be04f to 0.22-a0-417-g1387785
   998 | D:3      | Reached XP level 4. HP: 13/37 MP: 4/4
  1568 | D:2      | Found a runed door.
  1984 | D:3      | Reached XP level 5. HP: 33/43 MP: 5/5
  2564 | D:3      | Found a hazy altar of Hepliaklqana.
  2838 | D:2      | Found a stormy altar of Qazlal.
  2887 | D:2      | Became a worshipper of Qazlal Stormbringer
  3054 | D:2      | Noticed Crazy Yiuf
  3070 | D:2      | Killed Crazy Yiuf
  3250 | D:4      | Upgraded the game from 0.22-a0-417-g1387785 to 0.22-a0-419-g492bfec
  3333 | D:4      | Found a staircase to the Ecumenical Temple.
  3341 | D:4      | Reached XP level 6. HP: 35/50 MP: 6/6
  3523 | D:4      | Reached skill level 5 in Fighting
  3523 | D:4      | Reached skill level 1 in Invocations
  3523 | D:4      | Reached skill level 1 in Evocations
  4001 | D:5      | Entered Level 5 of the Dungeon
  4176 | D:5      | Reached XP level 7. HP: 56/56 MP: 8/8
  4445 | D:5      | Noticed a hungry ghost
  4454 | D:5      | Upgraded the game from 0.22-a0-419-g492bfec to 0.22-a0-422-g9628fc8
  4514 | D:5      | Killed a hungry ghost
  4562 | D:5      | Reached skill level 6 in Fighting
  4562 | D:5      | Reached skill level 5 in Axes
  5091 | D:5      | Reached XP level 8. HP: 51/65 MP: 10/10
  5234 | D:5      | Reached * piety under Qazlal
  5402 | D:6      | Noticed Duvessa
  5404 | D:6      | Noticed Dowan
  6161 | D:6      | Noticed Eustachio
  6397 | D:5      | Killed Eustachio
  6397 | D:5      | Reached skill level 7 in Fighting
  6917 | D:6      | Killed Dowan
  6963 | D:6      | Reached skill level 5 in Evocations
  6963 | D:6      | Reached XP level 9. HP: 71/72 MP: 12/12
  7110 | D:6      | Found a sacrificial altar of Ru.
  7243 | D:6      | Slain by Duvessa

Vault maps used:
D:1:      dpeg_arrival_chase
D:2:      lemuel_upstairs_altar, uniq_crazy_yiuf_cottage
D:3:      marbit_many_paths
D:4:      minmay_temple_entry_fiery, first_ration
D:6:      nicolae_ru_great_annihilating_truth, uniq_duvessa, uniq_eustachio

Skill      XL: |  1  2  3  4  5  6  7  8 |
---------------+-------------------------+-----
Armour         | 4 |  4.6
Fighting       | 4 5 6 7 |  7.7
Axes           | 3 4 5 6 |  6.6
Shields        | 4 |  4.3
Invocations    | 1 3 4 |  4.5
Evocations     | 2 3 5 |  5.3

Action                   |  1- 3 |  4- 6 |  7- 9 || total
-------------------------+-------+-------+-------++-------
Melee: War axe           |   125 |   152 |   147 ||   424
       Dagger            |       |    18 |    61 ||    79
 Abil: Hop               |       |       |     1 ||     1
Evoke: Wand              |       |       |     1 ||     1
  Use: Scroll            |       |     3 |     3 ||     6
       Potion            |       |       |     1 ||     1
 Stab: Paralysed         |       |       |     6 ||     6
  Eat: Chunk             |     1 |    11 |    11 ||    23
Armor: Scale mail        |    86 |    71 |    77 ||   234
Dodge: Dodged            |    55 |    49 |    56 ||   160
Block: Shield            |    83 |   106 |   170 ||   359
       Reflection        |       |       |     4 ||     4

Table legend:
 A = Spawn XP
 B = Non-spawn XP
 C = Spawn XP percentage of total XP
 D = Spawn monster count
 E = Non-spawn monster count
 F = Spawn count percentage of total count
 G = Total turns spent on level
                    A         B        C        D         E        F      G
               +---------+---------+-------+---------+---------+-------+---------
         Total |       0 |    2595 |   0.0 |       0 |     141 |   0.0 |  7243
               +---------+---------+-------+---------+---------+-------+---------
           D:1 |       0 |      49 |   0.0 |       0 |      25 |   0.0 |   740
           D:2 |       0 |     105 |   0.0 |       0 |      23 |   0.0 |  1133
           D:3 |       0 |      91 |   0.0 |       0 |      23 |   0.0 |  1367
           D:4 |       0 |     350 |   0.0 |       0 |      14 |   0.0 |   761
           D:5 |       0 |    1257 |   0.0 |       0 |      37 |   0.0 |  2627
           D:6 |       0 |     743 |   0.0 |       0 |      19 |   0.0 |   615
               +---------+---------+-------+---------+---------+-------+---------
